 Dungeon Crawl Stone Soup version 0.23-a0-8-gb809bb7 (webtiles) character file.

85 Dordric the Chopper (level 4, 0/39 HPs)
             Began as a Hill Orc Monk on Aug 1, 2018.
             Was a Believer of Beogh.
             Succumbed to a worker ant's poison
             ... on level 3 of the Dungeon.
             The game lasted 00:03:42 (3214 turns).

Dordric the Chopper (Hill Orc Monk)                 Turns: 3214, Time: 00:03:42

Health: 0/39       AC:  6    Str: 14    XL:     4   Next: 48%
Magic:  4/4        EV: 11    Int: 10    God:    Beogh [**....]
Gold:   143        SH:  0    Dex: 13    Spells: 3/3 levels left

rFire    . . .     SeeInvis .   a - +1 hand axe
rCold    . . .     Gourm    .   (no shield)
rNeg     . . .     Faith    .   t - +0 ring mail
rPois    .         Spirit   .   (no helmet)
rElec    .         Reflect  .   (no cloak)
rCorr    .         Harm     .   (no gloves)
MR       .....                  l - +0 pair of boots (curse)
Stlth    +.........             o - amulet of rage
HPRegen  0.13/turn              (no ring)
MPRegen  0.09/turn              (no ring)

@: lethally poisoned (0 -> 0)
A: no striking features
a: Smiting, Renounce Religion, Evoke Berserk Rage


You were on level 3 of the Dungeon.
You worshipped Beogh.
Beogh was pleased with you.
You were very hungry.

You visited 1 branch of the dungeon, and saw 4 of its levels.

You collected 143 gold pieces.

Inventory:

Hand Weapons
 a - a +1 hand axe (weapon)
Armour
 b - a +0 robe
 l - a cursed +0 pair of boots (worn)
 t - a +0 ring mail (worn)
Jewellery
 o - an amulet of rage (around neck)
Scrolls
 e - 3 scrolls of enchant weapon
 h - 2 scrolls of teleportation
 j - 3 scrolls of remove curse
 m - a scroll of enchant armour {unknown}
 q - a scroll of magic mapping
Potions
 d - a potion of might
 f - a potion of heal wounds {unknown}
 g - 3 potions of lignification {unknown}
 i - 2 potions of curing {unknown}
 k - a potion of degeneration {unknown}
 n - a potion of agility {unknown}
 p - a potion of brilliance {unknown}
 r - a potion of berserk rage {unknown}
 s - a potion of flight {unknown}
Comestibles
 c - 5 rations


   Skills:
 - Level 3.6 Fighting
 + Level 6.8 Axes
 - Level 2.4 Dodging
 - Level 1.5 Stealth


You had 3 spell levels left.
You didn't know any spells.
Your spell library was empty.

Dungeon Overview and Level Annotations

Branches:
Dungeon (4/15)
 Temple: D:4-7

Altars:


Message History

* * * LOW HITPOINT WARNING * * *
The hound closely misses you.
You hit the hound.
The hound is severely wounded.
You feel sick. The hound closely misses you.
You barely miss the hound.
The hound is severely wounded.
The hound barely misses you. The hound bites you.
* * * LOW HITPOINT WARNING * * *
You barely miss the hound.
The hound is severely wounded.
The hound barely misses you.
You closely miss the hound.
The hound is severely wounded.
The hound bites you.
* * * LOW HITPOINT WARNING * * *
The hound closely misses you.
You hit the hound.
The hound is almost dead.
You die...

#......#.......
######.#.####.. #.#....#..
#.#.##.#.. #####.#.......
#####.....####....
####...<..###.......#
#..+.h....# #.####).#
#######.##@.....# #....#...
#.....#.##.)....#####.###.#
#.....'..+..........^.....#
#.....#.##......#####.#####
#.....#.##......# #.#####
#.....#.######### #.#....
#####.#......########.#.###
######
#.######.#........#.# #
.....# #.# #.#.########.###


You could see a hound.

Vanquished Creatures
  4 adders
  3 leopard geckos
  4 bats
  A giant cockroach (D:2)
  10 goblins
  3 hobgoblins
  3 jackals (D:2)
  A quokka (D:3)
  2 frilled lizards
  6 kobolds
  10 rats
47 creatures vanquished.

Vanquished Creatures (others)
  2 orcs (D:4)
2 creatures vanquished.

Grand Total: 49 creatures vanquished

Notes
Turn   | Place    | Note
-------+----------+-------------------------------------------
     0 | D:1      | Dordric the Hill Orc Monk began the quest for the Orb.
     0 | D:1      | Reached XP level 1. HP: 19/19 MP: 1/1
   140 | D:1      | Reached XP level 2. HP: 3/26 MP: 2/2
   640 | D:1      | Reached skill level 5 in Axes
  1128 | D:2      | Reached XP level 3. HP: 24/31 MP: 3/3
  1279 | D:2      | Reached skill level 6 in Axes
  1845 | D:2      | Reached XP level 4. HP: 29/39 MP: 4/4
  3171 | D:4      | Became a worshipper of Beogh the Brigand
  3171 | D:4      | Reached * piety under Beogh
  3171 | D:4      | Reached ** piety under Beogh
  3213 | D:3      | HP: 1/39 [hound (5)]
  3214 | D:3      | Succumbed to a worker ant's poison

Vault maps used:
D:1:      dpeg_arrival_houses_and_road, kennysheep_doodads
D:4:      lemuel_round_altar, old_standard_altar, first_ration

Skill      XL: |  1  2  3 |
---------------+----------+-----
Axes           | 5 6 |  6.8
Fighting       | |  3.6
Dodging        | |  2.4
Stealth        | |  1.5

Action                   |  1- 3 |  4- 6 || total
-------------------------+-------+-------++-------
Melee: Hand axe          |   121 |    36 ||   157
Invok: Convert to Beogh  |       |     1 ||     1
  Use: Scroll            |     6 |       ||     6
 Stab: Sleeping          |     2 |     1 ||     3
  Eat: Chunk             |     3 |     3 ||     6
Armor: Robe              |    15 |     2 ||    17
       Ring mail         |       |     6 ||     6
Dodge: Dodged            |    85 |    28 ||   113

Table legend:
 A = Spawn XP
 B = Non-spawn XP
 C = Spawn XP percentage of total XP
 D = Spawn monster count
 E = Non-spawn monster count
 F = Spawn count percentage of total count
 G = Total turns spent on level
                    A         B        C        D         E        F      G
               +---------+---------+-------+---------+---------+-------+---------
         Total |       0 |     122 |   0.0 |       0 |      47 |   0.0 |  3214
               +---------+---------+-------+---------+---------+-------+---------
           D:1 |       0 |      26 |   0.0 |       0 |      19 |   0.0 |  1036
           D:2 |       0 |      69 |   0.0 |       0 |      20 |   0.0 |  1148
           D:3 |       0 |      27 |   0.0 |       0 |       8 |   0.0 |   982
               +---------+---------+-------+---------+---------+-------+---------
